 Dungeon Crawl Stone Soup version 0.29-a0-221-gceb61267dd (webtiles) character file.

Game seed: 14766500280264693069

9807 horus123 the Covert (level 11, -31/74 HPs)
             Began as a Demigod Conjurer on Feb 26, 2022.
             Annihilated by a two-headed ogre
             ... wielding the +10 dark maul {vorpal}
              (34 damage)
             ... on level 10 of the Dungeon.
             The game lasted 00:34:41 (15524 turns).

horus123 the Covert (Demigod Conjurer)             Turns: 15524, Time: 00:34:42

Health: -31/74     AC:  8    Str: 14    XL:     11   Next: 7%
Magic:  0/28       EV: 12    Int: 32    God:
Gold:   62         SH:  0    Dex: 12    Spells: 10/28 levels left

rFire   . . .      SeeInvis .   B - -1 triple sword
rCold   + . .      Faith    .   (shield currently unavailable)
rNeg    . . .      Spirit   .   a - +0 robe
rPois   +          Reflect  .   o - +2 hat
rElec   .          Harm     .   z - +1 cloak of Starshine {rC+}
rCorr   .          Rampage  .   j - +1 pair of gloves
Will    +....                   (no boots)
Stlth   +++++.....              y - amulet of the acrobat
HPRegen 0.22/turn               f - ring of poison resistance
MPRegen 0.21/turn               C - +6 ring of strength

@: studying Stealth
A: high MP 1, forlorn, divine attributes
a: no special abilities


You were on level 10 of the Dungeon.
You visited 1 branch of the dungeon, and saw 10 of its levels.

You collected 523 gold pieces.
You spent 461 gold pieces at shops.

Inventory:

Hand Weapons
 k - a +0 short sword
 s - a +2 vampiric falchion
 B - a -1 triple sword (weapon)
Armour
 a - a +0 robe (worn)
 j - a +1 pair of gloves (worn)
 o - a +2 hat (worn)
 z - the +1 cloak of Starshine (worn) {rC+}
   (You found it on level 9 of the Dungeon)

   rC:        It protects you from cold.
Jewellery
 f - a ring of poison resistance (left hand)
 y - an amulet of the acrobat (around neck)
 A - a ring of resist corrosion
 C - a +6 ring of strength (right hand)
Wands
 u - a wand of digging (15)
 v - a wand of flame (23)
 w - a wand of acid (9)
 D - a wand of paralysis (4)
Scrolls
 e - 5 scrolls of teleportation
 p - 2 scrolls of blinking
 r - 2 scrolls of magic mapping
Potions
 b - 7 potions of curing
 c - 4 potions of lignification
 d - a potion of invisibility {unknown}
 g - 3 potions of attraction
 h - 2 potions of haste
 i - a potion of brilliance {unknown}
 l - 3 potions of degeneration
 m - a potion of might {unknown}
 q - a potion of flight {unknown}
 t - 3 potions of berserk rage
 x - 2 potions of mutation {unknown}


   Skills:
 - Level 1.7 Dodging
 - Level 11.0 Stealth
 - Level 9.0 Spellcasting
 - Level 8.0 Conjurations
 - Level 6.0 Translocations
 + Level 6.1 Ice Magic


You had 10 spell levels left.
You knew the following spells:

 Your Spells              Type           Power      Damage    Failure   Level
a - Magic Dart            Conj           100%       1d8       1%          1
b - Searing Ray           Conj           100%       2d8       1%          2
c - Fulminant Prism       Conj/Hex       20%        3d13      6%          4
d - Iskenderun's Mystic   Conj/Tloc      56%        2d12      1%          4
e - Hailstorm             Conj/Ice       56%        3d12      1%          4
f - Frozen Ramparts       Ice            100%       1d12      1%          3

Your spell library contained the following spells:

 Spells                   Type           Power      Damage    Failure   Level
 Freeze                   Ice            100%       1d11      1%          1
 Dazzling Flash           Conj/Hex       80%        N/A       1%          3


Dungeon Overview and Level Annotations

Branches:
Dungeon (10/15)            Temple (0/1) D:4            Lair (0/6) D:9
    Orc: D:9-12

Shops:
D:5 :   D:10 *?

Annotations:
D:7 2 transporters, exclusion: oklob plant, robertstho's ghost, novice DjFE


Innate Abilities, Weirdness & Mutations

You have an increased reservoir of magic. (+10% MP)
You shall have no god before yourself.
Your divine heritage dramatically boosts your attributes as you level up.


Message History

The orc warrior slams into the metal wall!
You kill the orc warrior!
Casting: Iskenderun's Mystic Blast (dangerous; 1% risk of failure)
Confirm with . or Enter, or press ? or * to list all spells.
Casting: Hailstorm (dangerous; 1% risk of failure)
Press: ? - help, Dir - look around, f - activate A cannonade of hail descends around you!
The hail pelts the two-headed ogre!!
The two-headed ogre is moderately wounded.
A two-headed ogre comes into view.
It is wielding the +10 dark maul {vorpal} and a +0 giant spiked club.
Okay, then.
Casting: Hailstorm (dangerous; 1% risk of failure)
Confirm with . or Enter, or press ? or * to list all spells.
You erupt in a blast of force!
The mystic blast hits the two-headed ogre!
The two-headed ogre is heavily wounded.
The mystic blast hits the two-headed ogre!
The two-headed ogre is lightly wounded.
The two-headed ogre is knocked back by the mystic blast.
The two-headed ogre collides with the two-headed ogre!
The two-headed ogre is heavily wounded.
The two-headed ogre is moderately wounded.
The two-headed ogre hits you with the +10 dark maul {vorpal}!!
* * * LOW HITPOINT WARNING * * *
The two-headed ogre hits you with a +0 giant spiked club.
* * * LOW HITPOINT WARNING * * *
You feel much better.
The two-headed ogre hits you with a +0 giant club!
The two-headed ogre hits you with a +0 giant club!!
* * * LOW HITPOINT WARNING * * *
Okay, then.
Casting: Iskenderun's Mystic Blast (dangerous; 1% risk of failure)
Confirm with . or Enter, or press ? or * to list all spells.
You erupt in a blast of force!
The mystic blast hits the two-headed ogre.
The two-headed ogre is moderately wounded.
The mystic blast hits the two-headed ogre!
The two-headed ogre is almost dead.
The two-headed ogre hits you with the +10 dark maul {vorpal}!!
You die...

≈≈≈≈≈≈≈≈..#####.......#..#.......
≈≈≈≈≈≈≈≈..# .##########.......
...≈≈≈≈≈..############# ######''
...≈≈≈≈≈..##.)'........ #..
...≈≈≈≈≈..+#..'..# #..
≈≈≈≈≈≈≈≈..##..#..# #..
≈≈≈≈≈≈≈≈####(.#..# #.. ≈≈≈≈≈≈≈≈#
#..#..# #.. ≈≈≈≈≈≈≈≈# #..#.@# #..
≈≈≈≈≈≈≈≈# #..#OO# #..
...)...#####..#..#
......###..#..#..)....?. ......#
##.#''################### ......#
#....#......#.......#... ......#
##...#......######<.#... ......#
###.)..#####...##))#... ......#
#....'.........))#...


You could see 2 two-headed ogres.

Vanquished Creatures
  2 two-headed ogres
  A troll (D:9)
  The ghost of drugrobin the Poker, an amateur DgWr (D:5)
  A shadow (D:10)
  2 wyverns
  15 yaks
  A basilisk (D:9)
  4 water moccasins (D:9)
  2 sky beasts (D:8)
  4 orc warriors
  2 ice beasts
  12 centaurs
  3 ogres
  2 phantoms (D:5)
  2 kobold brigands
  4 bullfrogs
  A gnoll sergeant (D:5)
  A scorpion (D:5)
  18 killer bees
  3 wights (D:7)
  11 howler monkeys
  7 hounds
  6 orc priests
  4 jellies
  A gnoll shaman (D:7)
  3 iron imps (D:9)
  10 orc wizards
  4 gnolls (D:7)
  7 adders
  A shadow imp (D:6)
  3 white imps
  3 ufetubi
  4 worms
  5 dart slugs
  27 orcs
  6 ball pythons
  9 bats
  2 bat skeletons (D:2)
  2 bat zombies (D:2)
  5 endoplasms
  4 giant cockroaches (D:1)
  7 goblins
  7 hobgoblins
  12 kobolds
  2 quokkas (D:2)
  A ball python skeleton (D:2)
  3 ball python zombies (D:2)
  3 frilled lizards
  6 rats
  2 butterflies (D:4)
248 creatures vanquished.

Vanquished Creatures (others)
  A howler monkey (D:7)
  5 fulminant prisms
  A fungus (D:9)
  16 plants (D:9)
  7 withered plants (D:2)
30 creatures vanquished.

Grand Total: 278 creatures vanquished

Notes
Turn   | Place    | Note
-------+----------+-------------------------------------------
     0 | D:1      | horus123 the Demigod Conjurer began the quest for the Orb.
     0 | D:1      | Reached XP level 1. HP: 14/14 MP: 5/5
   348 | D:1      | Reached XP level 2. HP: 20/20 MP: 6/8
   356 | D:1      | Learned a level 2 spell: Searing Ray
  1117 | D:2      | Reached XP level 3. HP: 26/26 MP: 6/10
  1467 | D:2      | Reached XP level 4. HP: 33/33 MP: 10/12
  1472 | D:2      | Learned a level 4 spell: Fulminant Prism
  1788 | D:2      | Learned a level 4 spell: Iskenderun's Mystic Blast
  3178 | D:3      | Reached XP level 5. HP: 30/38 MP: 4/14
  4093 | D:4      | Reached skill level 5 in Conjurations
  4166 | D:4      | Found a staircase to the Ecumenical Temple.
  4770 | D:5      | Entered Level 5 of the Dungeon
  4778 | D:5      | Reached XP level 6. HP: 41/45 MP: 6/15
  5332 | D:5      | Found Uddyg's Book Emporium.
  5399 | D:5      | Reached XP level 7. HP: 26/50 MP: 9/16
  5739 | D:5      | Noticed drugrobin's ghost (amateur DgWr)
  5744 | D:5      | Found a transporter.
  5982 | D:5      | Found a transporter.
  6457 | D:6      | Reached skill level 1 in Translocations
  7144 | D:6      | Reached XP level 8. HP: 40/57 MP: 0/17
  7462 | D:6      | You are sucked into a shaft and drop 3 floors!
  7620 | D:8      | Reached skill level 5 in Translocations
  8302 | D:8      | Reached skill level 5 in Spellcasting
  9015 | D:7      | Noticed a hornet
  9020 | D:7      | Found a transporter.
  9020 | D:7      | Noticed an oklob plant
  9026 | D:7      | Found a transporter.
  9032 | D:7      | Noticed a two-headed ogre
  9039 | D:7      | Noticed robertstho's ghost (novice DjFE)
  9281 | D:7      | Reached XP level 9. HP: 62/62 MP: 17/21
  9283 | D:7      | Noticed a two-headed ogre
  9313 | D:7      | Killed a two-headed ogre
  9917 | D:7      | Identified the +2 robe "Xoc Gocaot" {*Slow rCorr Str+3
                  | Dex+3}
 10510 | D:5      | Killed drugrobin's ghost
 10933 | D:8      | Reached skill level 2 in Stealth
 11026 | D:8      | Reached skill level 3 in Stealth
 11051 | D:8      | Noticed a two-headed ogre
 11063 | D:8      | Killed a two-headed ogre
 11064 | D:8      | Reached skill level 6 in Stealth
 11064 | D:8      | Reached XP level 10. HP: 43/69 MP: 2/27
 11492 | D:9      | Reached skill level 7 in Stealth
 11499 | D:9      | Reached skill level 8 in Stealth
 11513 | D:9      | HP: 3/69 [water moccasin (2)]
 11517 | D:9      | Reached skill level 9 in Stealth
 11689 | D:9      | Reached skill level 10 in Stealth
 11906 | D:9      | Reached skill level 11 in Stealth
 11974 | D:5      | Bought a book of Frost for 264 gold pieces
 11979 | D:5      | Learned a level 4 spell: Hailstorm
 11983 | D:5      | Learned a level 3 spell: Frozen Ramparts
 12201 | D:9      | Reached skill level 1 in Ice Magic
 12833 | D:9      | Found a staircase to the Lair.
 12957 | D:9      | Identified the +1 cloak of Starshine {rC+}
 13540 | D:10     | Entered Level 10 of the Dungeon
 13602 | D:10     | Found Afipiel's Lightly-Used Armoury.
 13611 | D:10     | Bought a -1 triple sword for 70 gold pieces
 14513 | D:10     | Reached skill level 5 in Ice Magic
 14650 | D:10     | Found Qipp's Magic Scroll Shoppe.
 14656 | D:10     | Bought a scroll of enchant armour for 127 gold pieces
 14792 | D:10     | Reached XP level 11. HP: 17/74 MP: 12/28
 15515 | D:10     | Noticed a two-headed ogre
 15519 | D:10     | Noticed a two-headed ogre
 15523 | D:10     | HP: 2/74 [two-headed ogre/+0 giant club (21)]
 15524 | D:10     | Annihilated by a two-headed ogre

Illustrated notes

Levels and vault maps discovered:
D:1:      sevenhm_arrival_forest_fort_large_3, layout_basic,
          hellmonk_ecumenical_altar_crossroads, minmay_tetromino_t2
D:2:      layout_loops_ring, serial_undead, serial_undead_c, serial_undead_a,
          serial_undead_b, serial_undead_c, serial_undead_c, serial_undead_c,
          serial_undead_c, serial_undead_f, serial_undead_e, serial_undead_c,
          lemuel_old_faithful
D:3:      layout_basic, solitary_fountain
D:4:      layout_gridville, lemuel_crystal_altar,
          minmay_temple_entry_butterflies
D:5:      layout_basic, serial_shops, nicolae_take_the_stairs,
          gammafunk_ghost_arena
D:6:      layout_basic
D:7:      layout_loops_ring, nzn_ghost_randoct, hangedman_decor_diamond_cutter,
          minmay_manual_mail
D:8:      layout_gridville
D:9:      layout_stronghold, demons_altar, minmay_lair_entry_grove,
          minmay_misc_feat_rows, amcnicky_mini_corridor_feature, minmay_holes
D:10:     nicolae_whirlpool, layout_gridville, serial_shops,
          nicolae_shop_advertising_works [nicolae_subvault_shop_adworks],
          minmay_shop_damaged, hellmonk_guarded_unrand_dark_maul

Skill      XL: |  1  2  3  4  5  6  7  8  9 10 11 |
---------------+----------------------------------+-----
Spellcasting   | 2 3 4 6 9 |  9.0
Conjurations   | 4 5 7 8 |  8.0
Translocations | 4 6 |  6.0
Stealth        | 6 11 | 11.0
Ice Magic      | 5 6 |  6.1
Dodging        | |  1.7

Action                   |  1- 3 |  4- 6 |  7- 9 | 10-12 || total
-------------------------+-------+-------+-------+-------++-------
Melee: Hand axe          |     1 |       |       |       ||     1
       Short sword       |     1 |     6 |       |       ||     7
       Falchion          |       |       |    26 |    10 ||    36
       Triple sword      |       |       |       |    20 ||    20
 Cast: Magic Dart        |    62 |   132 |   101 |    48 ||   343
       Searing Ray       |     3 |    15 |    36 |    19 ||    73
       Iskenderun's Myst |       |       |    30 |    50 ||    80
       Fulminant Prism   |       |       |     4 |     1 ||     5
       Hailstorm         |       |       |       |    10 ||    10
  Use: Scroll            |     2 |     4 |     7 |     1 ||    14
       Potion            |       |       |     1 |     2 ||     3
 Stab: Sleeping          |       |       |       |     6 ||     6
Armor: Robe              |     9 |    24 |    25 |    24 ||    82
Dodge: Dodged            |    14 |    37 |    51 |   101 ||   203

Table legend: (Time is in decaauts)
 A = Elapsed time spent in this place.
 B = Non-inter-level travel time spent in this place.
 C = Inter-level travel time spent in this place.
 D = Time resting spent in this place.
 E = Time spent auto-exploring this place.
 F = Levels seen in this place.
 G = Mean time per level.
                   A        B        C        D        E       F      G
               +--------+--------+--------+--------+--------+-----+--------+
         Total |  15583 |  14971 |    612 |   4304 |   8493 |  10 | 1558.3 |
       Dungeon |  15583 |  14971 |    612 |   4304 |   8493 |  10 | 1558.3 |
               +--------+--------+--------+--------+--------+-----+--------+

Top non-repeatable levels by time:
    D:10: 2015 daAuts
     D:9: 1956 daAuts
     D:5: 1948 daAuts
     D:7: 1762 daAuts
     D:8: 1565 daAuts
     D:3: 1556 daAuts
     D:6: 1394 daAuts
     D:4: 1181 daAuts
     D:1: 1108 daAuts
     D:2: 1094 daAuts
